 Dungeon Crawl Stone Soup version 0.30-a0-800-g7c544603b3 (webtiles) character file.

Game seed: 16164182584883165103

625 cforsyth the Ducker (level 7, -4/44 HPs)
             Began as a Kobold Gladiator on Feb 21, 2023.
             Slain by Crazy Yiuf
             ... wielding a +2 quarterstaff of chaos
              (8 damage)
             ... on level 2 of the Dungeon.
             The game lasted 00:09:17 (4472 turns).

cforsyth the Ducker (Kobold Gladiator)              Turns: 4472, Time: 00:09:17

Health: -4/44      AC:  5    Str: 11    XL:     7   Next: 76%
Magic:  0/7        EV: 22    Int:  9    God:
Gold:   267        SH:  0    Dex: 19    Spells: 6/6 levels left

rFire   . . .      SeeInvis .    a - +0 long sword
rCold   . . .      Faith    .    (no shield)
rNeg    . . .      Spirit   +    b - +0 leather armour
rPois   .          Reflect  .    c - +0 helmet
rElec   .          Harm     .    (no cloak)
rCorr   .          Rampage  .    (no gloves)
Will    +....                    u - +0 pair of boots
Stlth   ++++                     f - amulet of guardian spirit
HPRegen 0.27/turn                m - ring of willpower
MPRegen 0.10/turn                (no ring)

@: agile, lethally poisoned (-4 -> -12)
A: small, no large weapons, nightstalker 3
a: no special abilities


You were on level 2 of the Dungeon.
You visited 1 branch of the dungeon, and saw 5 of its levels.

You collected 267 gold pieces.

Inventory:

Hand Weapons
 a - a +0 long sword (weapon)
Missiles
 d - 2 throwing nets (quivered)
 e - 5 boomerangs
Armour
 b - a +0 leather armour (worn)
 c - a +0 helmet (worn)
 u - a +0 pair of boots (worn)
Jewellery
 f - an amulet of guardian spirit (around neck)
 m - a ring of willpower (left hand)
 s - a ring of wizardry
 y - a ring of wizardry
Wands
 r - a wand of flame (19)
Scrolls
 h - 3 scrolls of teleportation
 j - a scroll of magic mapping
 k - 2 scrolls of enchant weapon {unknown}
 l - a scroll of fog {unknown}
 o - a scroll of blinking {unknown}
 p - a scroll of summoning {unknown}
 q - a scroll of torment {unknown}
 t - a scroll of amnesia {unknown}
 v - a scroll of noise {unknown}
Potions
 g - 4 potions of curing
 i - a potion of ambrosia
 n - a potion of brilliance {unknown}
 w - 2 potions of resistance
 x - a potion of might {unknown}


   Skills:
 + Level 4.7 Fighting
 + Level 4.0 Long Blades
 - Level 3.6 Throwing
 + Level 5.9 Dodging
 + Level 3.7 Stealth


You had 6 spell levels left.
You didn't know any spells.
Your spell library contained the following spells:

 Spells                   Type           Power      Damage    Failure   Level
 Apportation              Tloc           0%         N/A       47%         1
 Beastly Appendage        Tmut           0%         N/A       47%         1
 Necrotise                Necr           0%         1d4       47%         1
 Summon Small Mammal      Summ           0%         N/A       47%         1
 Wereblood                Tmut           0%         N/A       63%         2
 Spider Form              Tmut/Pois      0%         N/A       85%         3
 Animate Dead             Necr           0%         N/A       99%         4
 Borgnjor's Vile Clutch   Necr/Erth      0%         N/A       100%        5
 Death Channel            Necr           0%         N/A       100%        6


Dungeon Overview and Level Annotations

Branches:
Dungeon (5/15)
 Temple: D:4-7

Altars:
Dithmenos
Kikubaaqudgha
Qazlal
Ru
Vehumet

Annotations:
D:2 Crazy Yiuf, Sigmund
D:5 Duvessa


Innate Abilities, Weirdness & Mutations

You are small and have problems with some larger weapons.
You are completely attuned to the shadows.


Message History

Level annotation: Sigmund
There is a stone staircase leading down here.
Things that are here:
3 stones; a +2 whip of holy wrath; a kobold skeleton You see here 8 stones.
You enter the shallow water.
Moving in this stuff is going to be slow.
You enter the shallow water.
Moving in this stuff is going to be slow.
Found a runed translucent door.
Found a hammer.
Press: ? - help, v - describe, . - travel
Here: Crazy Yiuf, wielding a +2 quarterstaff of chaos and wearing a +0 cloak (asleep, fire blocked by a runed translucent door)
The floor.
Unknown command.
You open the door.
There is an open translucent door here.
Crazy Yiuf hits you with a +2 quarterstaff of chaos.
You are poisoned.
You barely miss Crazy Yiuf.
You feel very sick. Crazy Yiuf completely misses you.
You closely miss Crazy Yiuf.
You feel sick.
Crazy Yiuf hits you with a +2 quarterstaff of chaos!
You feel agile all of a sudden. Crazy Yiuf misses you.
You hit Crazy Yiuf but do no damage.
You feel sick.
Crazy Yiuf hits you with a +2 quarterstaff of chaos.
You are more poisoned.
You slash Crazy Yiuf!
Crazy Yiuf is heavily wounded.
You feel very sick.
Crazy Yiuf hits you with a +2 quarterstaff of chaos!
* * * LOW HITPOINT WARNING * * *
You barely miss Crazy Yiuf.
Crazy Yiuf is heavily wounded.
* * * LOW HITPOINT WARNING * * *
You feel very sick.
Crazy Yiuf hits you with a +2 quarterstaff of chaos!
You die...

##########
#........#
#####
#........###
#.g)#
#...........
#.@.#
#...........
#...#
#...†.....##
##'##
##........'.
♣♣.♣
#........##
♣.♣♣
#........'†
♣♣.♣
##........##
♣.♣♣
#.........'†
♣♣.♣♣
#.........##
♣...♣♣
#.........'÷


You could see Crazy Yiuf.

Vanquished Creatures
  A centaur (D:5)
  2 necrophages (D:4)
  2 scorpions
  Dowan (D:5)
  2 hounds
  A gnoll bouda (D:4)
  2 gnolls (D:4)
  5 adders
  A shadow imp (D:5)
  A dart slug (D:1)
  8 orcs
  8 endoplasms
  4 giant cockroaches
  5 goblins
  10 hobgoblins
  A jackal (D:1)
  7 quokkas
  5 ball pythons
  5 bats
  A frilled lizard (D:1)
  9 kobolds
  12 rats
93 creatures vanquished.

Vanquished Creatures (others)
  A plant (D:2)
  A withered plant (D:3)
2 creatures vanquished.

Grand Total: 95 creatures vanquished

Notes
Turn   | Place    | Note
-------+----------+-------------------------------------------
     0 | D:1      | cforsyth the Kobold Gladiator began the quest for the Orb.
     0 | D:1      | Reached XP level 1. HP: 12/12 MP: 1/1
    98 | D:1      | Reached XP level 2. HP: 18/18 MP: 2/2
   617 | D:1      | Reached XP level 3. HP: 22/22 MP: 3/3
   722 | D:1      | Reached skill level 4 in Dodging
  1351 | D:2      | Reached XP level 4. HP: 22/28 MP: 4/4
  1732 | D:2      | Found a faded altar of an unknown god.
  1733 | D:2      | Noticed Sigmund
  1896 | D:3      | Found a stormy altar of Qazlal.
  2076 | D:3      | Found a shadowy altar of Dithmenos.
  2165 | D:3      | Found a sacrificial altar of Ru.
  2282 | D:3      | Found an ancient bone altar of Kikubaaqudgha.
  2286 | D:3      | Reached XP level 5. HP: 32/32 MP: 5/5
  2837 | D:4      | Reached XP level 6. HP: 34/37 MP: 4/6
  2960 | D:4      | Reached skill level 5 in Dodging
  2960 | D:4      | Reached skill level 1 in Stealth
  3622 | D:4      | Noticed a black bear
  3700 | D:4      | Reached XP level 7. HP: 35/43 MP: 5/7
  3883 | D:5      | Entered Level 5 of the Dungeon
  3932 | D:5      | Found a radiant altar of Vehumet.
  4075 | D:5      | Noticed Dowan
  4223 | D:5      | Noticed Duvessa
  4256 | D:5      | Killed Dowan
  4460 | D:2      | Found a runed translucent door.
  4463 | D:2      | Noticed Crazy Yiuf
  4472 | D:2      | Slain by Crazy Yiuf

Illustrated notes

Levels and vault maps discovered:
D:1:      dpeg_arrival_rooms_with_view, layout_loops_ring,
          serial_co_window_serial, co_window_of_opportunity_a,
          co_window_paths_a, co_window_corner_a, co_window_cross_1,
          co_window_cross_1, co_window_of_opportunity_a, co_window_broadway_b,
          co_window_broadway_b, co_window_corner_b, co_window_broadway_c,
          co_window_2corner, glass_columns_b, glass_columns_a, glass_columns_c,
          minmay_pentomino_w2
D:2:      layout_rooms, ebering_ecumenical_altar_sacrificial,
          serial_bayou_pond_c, chequers_serial_rivers_micro_d,
          minmay_rat_gold_closets, uniq_crazy_yiuf_cottage, uniq_sigmund
D:3:      layout_basic, nicolae_ru_awakened_eye, kiku_gazebo_garden_becter,
          grunt_qazlal_clouds, grunt_dithmenos_smoke
D:4:      layout_loops_corners, kennysheep_little_box, minmay_misc_feat_roman,
          fountainhead
D:5:      layout_gridville, nicolae_overflow_crystal_walls, uniq_eustachio,
          uniq_ijyb, uniq_duvessa

Skill      XL: |  1  2  3  4  5  6  7 |
---------------+----------------------+-----
Dodging        | 4 5 |  5.9
Fighting       | 3 4 |  4.7
Throwing       | 3 |  3.6
Long Blades    | 3 4 |  4.0
Stealth        | 2 3 |  3.7

Action                     |  1- 3 |  4- 6 |  7- 9 || total
---------------------------+-------+-------+-------++-------
  Melee: Long sword        |    72 |   172 |    71 ||   315
         Punch             |     1 |     5 |     1 ||     7
  Throw: Throwing net      |       |     1 |       ||     1
    Use: Scroll            |       |       |     5 ||     5
   Stab: Sleeping          |    15 |    16 |     3 ||    34
         Distracted        |     1 |       |     1 ||     2
 Armour: Leather armour    |    27 |    36 |    14 ||    77
  Dodge: Dodged            |    66 |   150 |    53 ||   269

Table legend: (Time is in decaauts)
 A = Elapsed time spent in this place.
 B = Non-inter-level travel time spent in this place.
 C = Inter-level travel time spent in this place.
 D = Time resting spent in this place.
 E = Time spent auto-exploring this place.
 F = Levels seen in this place.
 G = Mean time per level.
                   A        B        C        D        E       F      G
               +--------+--------+--------+--------+--------+-----+--------+
         Total |   4557 |   4391 |    166 |     79 |   3270 |   5 |  911.4 |
       Dungeon |   4557 |   4391 |    166 |     79 |   3270 |   5 |  911.4 |
               +--------+--------+--------+--------+--------+-----+--------+

Top non-repeatable levels by time:
     D:4: 1350 daAuts
     D:1: 1199 daAuts
     D:2: 806 daAuts
     D:3: 752 daAuts
     D:5: 447 daAuts
